| TOP OF THE 1ST |
|
Detroit Tigers batting - Pitching for Chicago Cubs : RHP Edwin Rivera
|
|
Pitching: RHP Edwin Rivera
|
|
|
Batting: LHB Dave Carlisle
|
0-0: Ball 1-0: Ball 2-0: Called Strike 2-1: Ground out U3 (Groundball, 34, EV 99.4 MPH)
|
|
Batting: SHB Ross Holland
|
0-0: Ground out 4-3 (Groundball, 4, EV 90.0 MPH)
|
|
Batting: RHB Victor Quinones
|
0-0: Foul Ball, location: 2F 0-1: Ball 1-1: Ground out 6-3 (Groundball, 6, EV 100.6 MPH)
|
| Top of the 1st over - 0 runs, 0 hits, 0 errors, 0 left on base; Detroit 0 - Chicago 0 |
| BOTTOM OF THE 1ST |
|
Chicago Cubs batting - Pitching for Detroit Tigers : RHP Eric Putnam
|
|
Pitching: RHP Eric Putnam
|
|
|
Batting: RHB Josh Kalman
|
0-0: Ball 1-0: Foul Ball, location: 2F 1-1: Swinging Strike 1-2: Foul Ball, location: 2F 1-2: Ball 2-2: Foul Ball, location: 2F 2-2: Ball 3-2: Foul Ball, location: 2F 3-2: Foul Ball, location: 2F 3-2: Fly out, F8 (Flyball, 78XD, EV 93.1 MPH)
|
|
Batting: RHB Steve Bartman Jr.
|
0-0: Ball 1-0: Fly out, F7 (Flyball, 7D, EV 104.4 MPH)
|
|
Batting: LHB Kevin Norton
|
0-0: Ball 1-0: Foul Ball, location: 2F 1-1: SINGLE (Line Drive, 7S, EV 103.1 MPH)
|
|
Batting: RHB Xavier Davis
|
0-0: Ball 1-0: Ball 2-0: Called Strike Kevin Norton steals 2nd base 2-1: Foul Ball, location: 2F 2-2: Ground out 5-3 (Groundball, 56S, EV 86.2 MPH)
|
| Bottom of the 1st over - 0 runs, 1 hit, 0 errors, 1 left on base; Detroit 0 - Chicago 0 |
| TOP OF THE 2ND |
|
Detroit Tigers batting - Pitching for Chicago Cubs : RHP Edwin Rivera
|
|
Batting: LHB Conrad Taylor
|
0-0: Fly out, F3 (Popup, 3F, EV 76.2 MPH)
|
|
Batting: LHB Morgan Black
|
0-0: Swinging Strike 0-1: Ball 1-1: Foul Ball, location: 2F 1-2: Ground out 6-3 (Groundball, 6M, EV 91.9 MPH)
|
|
Batting: LHB Frank McConnell
|
0-0: Ground out U3 (Groundball, 34, EV 87.5 MPH)
|
| Top of the 2nd over - 0 runs, 0 hits, 0 errors, 0 left on base; Detroit 0 - Chicago 0 |
| BOTTOM OF THE 2ND |
|
Chicago Cubs batting - Pitching for Detroit Tigers : RHP Eric Putnam
|
|
Batting: SHB Moe Lester
|
0-0: Foul Ball, location: 2F 0-1: Foul Ball, location: 2F 0-2: Strikes out swinging
|
|
Batting: LHB Jon Schick
|
0-0: Swinging Strike 0-1: DOUBLE (Line Drive, 89M, EV 91.2 MPH)
|
|
Batting: SHB Gabriel Cruz
|
0-0: Called Strike 0-1: Ball 1-1: Ball 2-1: Called Strike 2-2: Fly out, F7 (Flyball, 78D, EV 100.6 MPH)
|
|
Batting: SHB Tze-meng Gan
|
0-0: Called Strike 0-1: Foul Ball, location: 2F 0-2: Ball 1-2: Foul Ball, location: 2F 1-2: Foul Ball, location: 2F 1-2: Ball 2-2: Fly out, F8 (Flyball, 8RM, EV 86.9 MPH)
|
| Bottom of the 2nd over - 0 runs, 1 hit, 0 errors, 1 left on base; Detroit 0 - Chicago 0 |
| TOP OF THE 3RD |
|
Detroit Tigers batting - Pitching for Chicago Cubs : RHP Edwin Rivera
|
|
Batting: RHB Dan Becvar
|
0-0: DOUBLE (Popup, 4MD, EV 50.6 MPH)
|
|
Batting: SHB Adam Weber
|
0-0: Foul Ball, location: 2F 0-1: Foul Ball, location: 2F 0-2: Ball 1-2: Ground out 5-3 (Groundball, 5, EV 91.9 MPH)
|
|
Batting: RHB Andres Leon
|
0-0: Foul Ball, location: 2F 0-1: Foul Ball, location: 2F 0-2: Ball 1-2: Strikes out swinging
|
|
Batting: LHB Dave Carlisle
|
0-0: Foul Ball, location: 2F 0-1: Ground out 5-3 (Groundball, 56S, EV 72.5 MPH)
|
| Top of the 3rd over - 0 runs, 1 hit, 0 errors, 1 left on base; Detroit 0 - Chicago 0 |
| BOTTOM OF THE 3RD |
|
Chicago Cubs batting - Pitching for Detroit Tigers : RHP Eric Putnam
|
|
Batting: RHB Alan Oxenrider
|
0-0: Fly out, F5 (Line Drive, 5, EV 62.5 MPH)
|
|
Batting: RHB Josh Kalman
|
0-0: Ball 1-0: Ball 2-0: Called Strike 2-1: Fly out, F7 (Flyball, 78S, EV 95.6 MPH)
|
|
Batting: RHB Steve Bartman Jr.
|
0-0: Called Strike 0-1: Called Strike 0-2: Foul Ball, location: 2F 0-2: Ball 1-2: Ball 2-2: Foul Ball, location: 2F 2-2: SINGLE (Flyball, 8LS, EV 85.6 MPH)
|
|
Batting: LHB Kevin Norton
|
0-0: Called Strike 0-1: Ball 1-1: SINGLE (Groundball, 4MD, EV 95.0 MPH) Steve Bartman Jr. to second Runner from 2nd tries for 3rd, OUT! 8-5
|
| Bottom of the 3rd over - 0 runs, 2 hits, 0 errors, 1 left on base; Detroit 0 - Chicago 0 |
| TOP OF THE 4TH |
|
Detroit Tigers batting - Pitching for Chicago Cubs : RHP Edwin Rivera
|
|
Batting: SHB Ross Holland
|
0-0: Ball 1-0: Swinging Strike 1-1: Fly out, F6 (Popup, 6, EV 62.5 MPH)
|
|
Batting: RHB Victor Quinones
|
0-0: Ball 1-0: Fly out, F7 (Line Drive, 7LM, EV 98.1 MPH)
|
|
Batting: LHB Conrad Taylor
|
0-0: Swinging Strike 0-1: Ball 1-1: Foul Ball, location: 2F 1-2: Foul Ball, location: 2F 1-2: Foul Ball, location: 2F 1-2: Strikes out swinging
|
| Top of the 4th over - 0 runs, 0 hits, 0 errors, 0 left on base; Detroit 0 - Chicago 0 |
| BOTTOM OF THE 4TH |
|
Chicago Cubs batting - Pitching for Detroit Tigers : RHP Eric Putnam
|
|
Batting: RHB Xavier Davis
|
0-0: Swinging Strike 0-1: Ball 1-1: Ball 2-1: Ball 3-1: Foul Ball, location: 2F 3-2: Ground out 5-3 (Groundball, 5L, EV 88.1 MPH)
|
|
Batting: SHB Moe Lester
|
0-0: Foul Ball, location: 2F 0-1: Foul Ball, location: 2F 0-2: Foul Ball, location: 2F 0-2: Ball 1-2: Foul Ball, location: 2F 1-2: Fly out, F7 (Flyball, 78S, EV 88.8 MPH)
|
|
Batting: LHB Jon Schick
|
0-0: Ball 1-0: Called Strike 1-1: SINGLE (Line Drive, 7S, EV 101.2 MPH)
|
|
Batting: SHB Gabriel Cruz
|
0-0: Fly out, F8 (Flyball, 78S, EV 80.0 MPH)
|
| Bottom of the 4th over - 0 runs, 1 hit, 0 errors, 1 left on base; Detroit 0 - Chicago 0 |
| TOP OF THE 5TH |
|
Detroit Tigers batting - Pitching for Chicago Cubs : RHP Edwin Rivera
|
|
Batting: LHB Morgan Black
|
0-0: Ball 1-0: SINGLE (Groundball, 4M, EV 85.0 MPH) (infield hit)
|
|
Batting: LHB Frank McConnell
|
0-0: Fly out, F8 (Flyball, 8RD, EV 99.4 MPH)
|
|
Batting: RHB Dan Becvar
|
0-0: Ball 1-0: Swinging Strike 1-1: Ball 2-1: Fielders Choice at 2nd, 3-6 (Groundball, 3, EV 89.4 MPH)
|
|
Batting: SHB Adam Weber
|
0-0: Called Strike 0-1: Fly out, F7 (Flyball, 7D, EV 81.2 MPH)
|
| Top of the 5th over - 0 runs, 1 hit, 0 errors, 1 left on base; Detroit 0 - Chicago 0 |
| BOTTOM OF THE 5TH |
|
Chicago Cubs batting - Pitching for Detroit Tigers : RHP Eric Putnam
|
|
Batting: SHB Tze-meng Gan
|
0-0: Ball 1-0: Ball 2-0: Foul Ball, location: 2F 2-1: Called Strike 2-2: Ball 3-2: Foul Ball, location: 2F 3-2: Base on Balls
|
|
Batting: RHB Alan Oxenrider
|
0-0: Ball 1-0: 2-RUN HOME RUN (Flyball, 7D, EV 99.4 MPH), Distance : 396 ft
|
|
Batting: RHB Josh Kalman
|
0-0: Ball 1-0: Swinging Strike 1-1: Foul Ball, location: 2F 1-2: Ball 2-2: Ball 3-2: SOLO HOME RUN (Flyball, 78XD, EV 116.2 MPH), Distance : 455 ft
|
|
Batting: RHB Steve Bartman Jr.
|
0-0: Ball 1-0: SINGLE (Line Drive, 89M, EV 102.5 MPH)
|
|
Batting: LHB Kevin Norton
|
0-0: Ball 1-0: Called Strike 1-1: Swinging Strike 1-2: Fly out, F9 (Line Drive, 89S, EV 100.6 MPH)
|
|
Batting: RHB Xavier Davis
|
0-0: Ball 1-0: Called Strike 1-1: Ball 2-1: Fly out, F7 (Flyball, 7LM, EV 98.1 MPH)
|
|
Batting: SHB Moe Lester
|
0-0: Ball 1-0: Called Strike 1-1: 2-RUN HOME RUN (Line Drive, 7D, EV 108.1 MPH), Distance : 401 ft
|
|
Pitching: RHP Ricky Tercero
|
|
|
Batting: LHB Jon Schick
|
0-0: Called Strike 0-1: Swinging Strike 0-2: Strikes out swinging
|
| Bottom of the 5th over - 5 runs, 4 hits, 0 errors, 0 left on base; Detroit 0 - Chicago 5 |
| TOP OF THE 6TH |
|
Detroit Tigers batting - Pitching for Chicago Cubs : RHP Edwin Rivera
|
|
Batting: RHB Andres Leon
|
0-0: Called Strike 0-1: Ball 1-1: Called Strike 1-2: Hit by Pitch
|
|
Batting: LHB Dave Carlisle
|
0-0: Fly out, F9 (Flyball, 89S, EV 84.4 MPH)
|
|
Batting: SHB Ross Holland
|
0-0: Ball 1-0: Called Strike 1-1: Foul Ball, location: 2F 1-2: Ball 2-2: Ball 3-2: Base on Balls Andres Leon to second
|
|
Batting: RHB Victor Quinones
|
0-0: Ball 1-0: Ball 2-0: Ball Wild Pitch! Andres Leon to third Ross Holland to second 3-0: Base on Balls
|
|
Batting: LHB Conrad Taylor
|
0-0: Ball 1-0: Ball 2-0: Foul Ball, location: 2F 2-1: Foul Ball, location: 2F 2-2: Ball 3-2: Fly out, F7 (Line Drive, 7LS, EV 93.1 MPH) Runner from 3rd tags up, SCORES, throw by LF
|
|
Batting: LHB Morgan Black
|
0-0: Foul Ball, location: 2F 0-1: Ground out U3 (Groundball, 34S, EV 83.8 MPH)
|
| Top of the 6th over - 1 run, 0 hits, 0 errors, 2 left on base; Detroit 1 - Chicago 5 |
| BOTTOM OF THE 6TH |
|
Chicago Cubs batting - Pitching for Detroit Tigers : RHP Ricky Tercero
|
|
Batting: SHB Gabriel Cruz
|
0-0: Called Strike 0-1: Foul Ball, location: 2F 0-2: Strikes out swinging
|
|
Batting: SHB Tze-meng Gan
|
0-0: Foul Ball, location: 2F 0-1: Ball 1-1: Ball 2-1: Foul Ball, location: 2F 2-2: Ball 3-2: Foul Ball, location: 2F 3-2: Foul Ball, location: 2F 3-2: Foul Ball, location: 2F 3-2: SOLO HOME RUN (Flyball, 89XD, EV 95.6 MPH), Distance : 398 ft
|
|
Batting: RHB Alan Oxenrider
|
0-0: Swinging Strike 0-1: Swinging Strike 0-2: Ball 1-2: Strikes out swinging
|
|
Batting: RHB Josh Kalman
|
0-0: Ball 1-0: Foul Ball, location: 2F 1-1: Ground out U3 (Groundball, 34S, EV 81.2 MPH)
|
| Bottom of the 6th over - 1 run, 1 hit, 0 errors, 0 left on base; Detroit 1 - Chicago 6 |
| TOP OF THE 7TH |
|
Detroit Tigers batting - Pitching for Chicago Cubs : RHP Edwin Rivera
|
|
Batting: LHB Frank McConnell
|
0-0: Ground out U3 (Groundball, 3L, EV 85.0 MPH)
|
|
Batting: RHB Dan Becvar
|
0-0: Ball 1-0: Foul Ball, location: 2F 1-1: Swinging Strike 1-2: Ball 2-2: Foul Ball, location: 2F 2-2: Strikes out swinging, 2-3 out at first.
|
|
Batting: SHB Adam Weber
|
0-0: SINGLE (Flyball, 6D, EV 94.4 MPH)
|
|
Batting: RHB Andres Leon
|
0-0: Ball 1-0: Foul Ball, location: 2F 1-1: Fielders Choice at 2nd, 6-4 (Groundball, 6, EV 85.6 MPH)
|
| Top of the 7th over - 0 runs, 1 hit, 0 errors, 1 left on base; Detroit 1 - Chicago 6 |
| BOTTOM OF THE 7TH |
|
Chicago Cubs batting - Pitching for Detroit Tigers : RHP Ricky Tercero
|
|
Batting: RHB Steve Bartman Jr.
|
0-0: Swinging Strike 0-1: Swinging Strike 0-2: Ball 1-2: Ground out 1-3 (Groundball, P, EV 70.6 MPH)
|
|
Batting: LHB Kevin Norton
|
0-0: Foul Ball, location: 2F 0-1: Ball 1-1: Ball 2-1: Foul Ball, location: 2F 2-2: Ball 3-2: Ground out 4-3 (Groundball, 4M, EV 104.4 MPH)
|
|
Batting: RHB Xavier Davis
|
0-0: Ball 1-0: Foul Ball, location: 2F 1-1: Ball 2-1: Swinging Strike 2-2: Ball 3-2: Fly out, F9 (Flyball, 9, EV 86.2 MPH)
|
| Bottom of the 7th over - 0 runs, 0 hits, 0 errors, 0 left on base; Detroit 1 - Chicago 6 |
| TOP OF THE 8TH |
|
Detroit Tigers batting - Pitching for Chicago Cubs : RHP Edwin Rivera
|
|
Batting: LHB Dave Carlisle
|
0-0: Called Strike 0-1: Ball 1-1: Ball 2-1: Foul Ball, location: 2F 2-2: Ball 3-2: Foul Ball, location: 2F 3-2: Base on Balls
|
|
Batting: SHB Ross Holland
|
0-0: Ball 1-0: Foul Ball, location: 2F 1-1: Ball 2-1: Ball 3-1: SINGLE (Groundball, 4D, EV 98.1 MPH) Dave Carlisle to second Runner from 2nd tries for 3rd, SAFE, throw by RF made to third
|
|
Batting: RHB Victor Quinones
|
0-0: DOUBLE (Line Drive, 7LM, EV 105.6 MPH) Dave Carlisle scores Ross Holland to third
|
|
Batting: LHB Conrad Taylor
|
0-0: Ball 1-0: Ball 2-0: Ball 3-0: Called Strike 3-1: Called Strike 3-2: DOUBLE (Line Drive, 9LD, EV 105.6 MPH) Ross Holland scores Victor Quinones scores
|
|
Batting: LHB Morgan Black
|
0-0: Ball 1-0: Ball 2-0: Called Strike 2-1: TRIPLE (Flyball, 9LD, EV 93.8 MPH) Conrad Taylor scores
|
|
Pitching: RHP Chris Kroesen
|
|
|
Batting: LHB Frank McConnell
|
0-0: Called Strike 0-1: Swinging Strike 0-2: Ball 1-2: Foul Ball, location: 2F 1-2: Ball 2-2: Foul Ball, location: 2F 2-2: Strikes out swinging
|
|
Pinch Hitting: LHB Tyler Davis
|
0-0: Swinging Strike 0-1: Foul Ball, location: 2F 0-2: Strikes out looking
|
|
Batting: SHB Adam Weber
|
0-0: Foul Ball, location: 2F 0-1: Foul Ball, location: 2F 0-2: TRIPLE (Line Drive, 9LD, EV 114.4 MPH) Morgan Black scores
|
|
Batting: RHB Andres Leon
|
0-0: Foul Ball, location: 2F 0-1: Ball 1-1: Ball 2-1: Fly out, F9 (Flyball, 9D, EV 91.9 MPH)
|
| Top of the 8th over - 5 runs, 5 hits, 0 errors, 1 left on base; Detroit 6 - Chicago 6 |
| BOTTOM OF THE 8TH |
|
Chicago Cubs batting - Pitching for Detroit Tigers : RHP Ricky Tercero
|
|
Pitching: RHP Bobby Wright
|
|
|
Now at C: Jerry Jauregui
|
|
|
Batting: SHB Moe Lester
|
0-0: Ball 1-0: Foul Ball, location: 2F 1-1: Ball 2-1: Ball 3-1: Base on Balls
|
|
Batting: LHB Jon Schick
|
0-0: Hit by Pitch Moe Lester to second
|
|
Batting: SHB Gabriel Cruz
|
0-0: Ball Moe Lester is caught stealing 3rd base 2-5 Jon Schick to second 1-0: Ball 2-0: Ball 3-0: Swinging Strike 3-1: Foul Ball, location: 2F 3-2: Strikes out swinging
|
|
Batting: SHB Tze-meng Gan
|
0-0: Ball 1-0: Foul Ball, location: 2F 1-1: Swinging Strike 1-2: Ball 2-2: Fly out, F7 (Flyball, 78S, EV 93.1 MPH)
|
| Bottom of the 8th over - 0 runs, 0 hits, 0 errors, 1 left on base; Detroit 6 - Chicago 6 |
| TOP OF THE 9TH |
|
Detroit Tigers batting - Pitching for Chicago Cubs : RHP Chris Kroesen
|
|
Pitching: LHP Mike Alexander
|
|
|
Batting: LHB Dave Carlisle
|
0-0: Ball 1-0: Ground out 4-3 (Groundball, 34, EV 102.5 MPH)
|
|
Batting: SHB Ross Holland
|
0-0: Ground out U3 (Groundball, 3L, EV 85.0 MPH)
|
|
Batting: RHB Victor Quinones
|
0-0: Ball 1-0: Ball 2-0: Ball 3-0: Base on Balls
|
|
Batting: RHB Chris Wheatley
|
0-0: Ball 1-0: Fielders Choice at 2nd, 6-4 (Groundball, 56, EV 93.1 MPH)
|
| Top of the 9th over - 0 runs, 0 hits, 0 errors, 1 left on base; Detroit 6 - Chicago 6 |
| BOTTOM OF THE 9TH |
|
Chicago Cubs batting - Pitching for Detroit Tigers : RHP Bobby Wright
|
|
Pinch Hitting: SHB Zory Larikov
|
0-0: Called Strike 0-1: Ball 1-1: Swinging Strike 1-2: Ball 2-2: Strikes out swinging
|
|
Batting: RHB Josh Kalman
|
0-0: SINGLE (Line Drive, 4MD, EV 111.2 MPH)
|
|
Batting: RHB Steve Bartman Jr.
|
0-0: Ball 1-0: Ball 2-0: Called Strike 2-1: Foul Ball, location: 2F 2-2: Ground out 5-3 (Groundball, 5L, EV 83.1 MPH) Josh Kalman to second
|
|
Batting: LHB Kevin Norton
|
0-0: Intentional Walk
|
|
Batting: RHB Xavier Davis
|
0-0: Fly out, F7 (Flyball, 78S, EV 85.6 MPH)
|
| Bottom of the 9th over - 0 runs, 1 hit, 0 errors, 2 left on base; Detroit 6 - Chicago 6 |
| TOP OF THE 10TH |
|
Detroit Tigers batting - Pitching for Chicago Cubs : LHP Mike Alexander
|
|
Now at 3B: Zory Larikov
|
|
|
Batting: LHB Morgan Black
|
0-0: Fly out, F9 (Flyball, 89S, EV 85.6 MPH)
|
|
Batting: LHB Frank McConnell
|
0-0: Ball 1-0: Ground out U3 (Groundball, 34, EV 105.0 MPH)
|
|
Batting: RHB Jerry Jauregui
|
0-0: Ball 1-0: Foul Ball, location: 2F 1-1: Ball 2-1: Called Strike 2-2: Ball 3-2: Foul Ball, location: 2F 3-2: Strikes out swinging
|
| Top of the 10th over - 0 runs, 0 hits, 0 errors, 0 left on base; Detroit 6 - Chicago 6 |
| BOTTOM OF THE 10TH |
|
Chicago Cubs batting - Pitching for Detroit Tigers : RHP Bobby Wright
|
|
Pitching: RHP Luis Brown
|
|
|
Batting: SHB Moe Lester
|
0-0: Called Strike 0-1: Ball 1-1: Foul Ball, location: 2F 1-2: Foul Ball, location: 2F 1-2: Ground out 6-3 (Groundball, 6, EV 105.6 MPH)
|
|
Batting: LHB Jon Schick
|
0-0: Ball 1-0: Ball 2-0: Foul Ball, location: 2F 2-1: Foul Ball, location: 2F 2-2: Strikes out looking
|
|
Batting: SHB Gabriel Cruz
|
0-0: Ball 1-0: Ground out 5-3 (Groundball, 15, EV 87.5 MPH)
|
| Bottom of the 10th over - 0 runs, 0 hits, 0 errors, 0 left on base; Detroit 6 - Chicago 6 |
| TOP OF THE 11TH |
|
Detroit Tigers batting - Pitching for Chicago Cubs : LHP Mike Alexander
|
|
Batting: SHB Adam Weber
|
0-0: TRIPLE (Line Drive, 7LD, EV 111.2 MPH)
|
|
Batting: RHB Andres Leon
|
0-0: Intentional Walk
|
|
Batting: LHB Dave Carlisle
|
0-0: 3-RUN HOME RUN (Flyball, 9LD, EV 103.8 MPH), Distance : 401 ft
|
|
Batting: SHB Ross Holland
|
0-0: Called Strike 0-1: Ball 1-1: Foul Ball, location: 2F 1-2: Hit by Pitch
|
|
Batting: RHB Victor Quinones
|
0-0: 2-RUN HOME RUN (Flyball, 78XD, EV 103.8 MPH), Distance : 414 ft
|
|
Pitching: RHP Heef Harted
|
|
|
Batting: RHB Chris Wheatley
|
0-0: Foul Ball, location: 2F 0-1: Ball 1-1: Foul Ball, location: 2F 1-2: Ball 2-2: Foul Ball, location: 2F 2-2: Strikes out swinging
|
|
Batting: LHB Morgan Black
|
0-0: Ball 1-0: Fly out, F9 (Line Drive, 9, EV 101.9 MPH)
|
|
Batting: LHB Frank McConnell
|
0-0: Called Strike 0-1: Foul Ball, location: 2F 0-2: Strikes out swinging
|
| Top of the 11th over - 5 runs, 3 hits, 0 errors, 0 left on base; Detroit 11 - Chicago 6 |
| BOTTOM OF THE 11TH |
|
Chicago Cubs batting - Pitching for Detroit Tigers : RHP Luis Brown
|
|
Batting: SHB Tze-meng Gan
|
0-0: Ball 1-0: Foul Ball, location: 2F 1-1: Foul Ball, location: 2F 1-2: Strikes out looking
|
|
Batting: SHB Zory Larikov
|
0-0: Called Strike 0-1: Foul Ball, location: 2F 0-2: SINGLE (Flyball, 8RS, EV 93.1 MPH)
|
|
Batting: RHB Josh Kalman
|
0-0: Ball 1-0: Called Strike 1-1: Fly out, F5 (Line Drive, 5L, EV 70.0 MPH)
|
|
Batting: RHB Steve Bartman Jr.
|
0-0: Ball 1-0: Fly out, F9 (Flyball, 89D, EV 90.0 MPH)
|
| Bottom of the 11th over - 0 runs, 1 hit, 0 errors, 1 left on base; Detroit 11 - Chicago 6 |
|